PAAA
BLOOMINGTON LONGNECKS @ BANGOR TRIDENT BASE OGRES
09/05/2022
 
TOP OF THE 1ST
Bloomington Longnecks batting - Pitching for Bangor Trident Base Ogres : LHP Orlando Martínez
Pitching: LHP Orlando Martínez
Batting: RHB Darrell Terwey 0-0: Ground out 1-3 (Groundball, 23)
Pitching: RHP Rubén Rodríguez
Batting: RHB Michael Hicks 0-0: Ball
1-0: Fly out, F8 (Flyball, 8LS)
Batting: SHB Juan Gil 0-0: Called Strike
0-1: Swinging Strike
0-2: Ball
1-2: Ball
2-2: Ball
3-2: Strikes out swinging
Top of the 1st over - 0 run(s), 0 hit(s), 0 error(s), 0 left on base; Bloomington 0 - Bangor Trident Base 0
BOTTOM OF THE 1ST
Bangor Trident Base Ogres batting - Pitching for Bloomington Longnecks : RHP Graham Wilson
Pitching: RHP Graham Wilson
Batting: RHB Elvis Larson 0-0: Ground out 4-3 (Groundball, 4)
Batting: RHB Jeremy Christensen 0-0: Ball
1-0: Foul Ball, location: 2F
1-1: Called Strike
1-2: Foul Ball, location: 2F
1-2: Fly out, F7 (Flyball, 7D)
Batting: RHB Mike Lyon 0-0: Ball
1-0: Ball
2-0: Called Strike
2-1: Ball
3-1: Foul Ball, location: 2F
3-2: Base on Balls
Batting: RHB Bertrand Sunter 0-0: Swinging Strike
0-1: Ball
1-1: Ball
2-1: Fly out, F9 (Line Drive, 9D)
Bottom of the 1st over - 0 run(s), 0 hit(s), 0 error(s), 1 left on base; Bloomington 0 - Bangor Trident Base 0
TOP OF THE 2ND
Bloomington Longnecks batting - Pitching for Bangor Trident Base Ogres : RHP Rubén Rodríguez
Batting: RHB Lawrence Olsen 0-0: Fly out, F4 (Popup, 4MD)
Batting: RHB Iván Ríos 0-0: Ball
1-0: Ground out 6-3 (Groundball, 6)
Batting: LHB Brad Shockley 0-0: Swinging Strike
0-1: Called Strike
0-2: Ball
1-2: Ball
2-2: Ball
3-2: Base on Balls
Batting: RHB Randy Galloway 0-0: Ball
1-0: Called Strike
1-1: SINGLE (Line Drive, 8LS)
Brad Shockley to second
Batting: LHB John Doyle 0-0: Foul Ball, location: 2F
0-1: Foul Ball, location: 2F
0-2: Fly out, F7 (Flyball, 78M)
Top of the 2nd over - 0 run(s), 1 hit(s), 0 error(s), 2 left on base; Bloomington 0 - Bangor Trident Base 0
BOTTOM OF THE 2ND
Bangor Trident Base Ogres batting - Pitching for Bloomington Longnecks : RHP Graham Wilson
Batting: RHB Tom Baker 0-0: Ball
1-0: Ball
2-0: Fly out, F9 (Flyball, 89S)
Batting: RHB Chae-hyeong Kim 0-0: Swinging Strike
0-1: Called Strike
0-2: Strikes out swinging
Batting: RHB Johnny Foster 0-0: Foul Ball, location: 2F
0-1: SINGLE (Line Drive, 7S)
Batting: RHB Hubert Dodson 0-0: Called Strike
0-1: Ball
1-1: Foul Ball, location: 2F
1-2: Fly out, F7 (Flyball, 7D)
Bottom of the 2nd over - 0 run(s), 1 hit(s), 0 error(s), 1 left on base; Bloomington 0 - Bangor Trident Base 0
TOP OF THE 3RD
Bloomington Longnecks batting - Pitching for Bangor Trident Base Ogres : RHP Rubén Rodríguez
Batting: LHB Monte Pollard 0-0: Ball
1-0: Ground out 5-3 (Groundball, 15S)
Batting: RHB Darrell Terwey 0-0: Called Strike
0-1: Swinging Strike
0-2: Foul Ball, location: 2F
0-2: Ball
1-2: Fly out, F4 (Popup, 34D)
Batting: RHB Michael Hicks 0-0: Called Strike
0-1: Foul Ball, location: 2F
0-2: Ground out 6-3 (Groundball, 6)
Top of the 3rd over - 0 run(s), 0 hit(s), 0 error(s), 0 left on base; Bloomington 0 - Bangor Trident Base 0
BOTTOM OF THE 3RD
Bangor Trident Base Ogres batting - Pitching for Bloomington Longnecks : RHP Graham Wilson
Batting: SHB Bill Becker 0-0: Called Strike
0-1: Ball
1-1: Fly out, F7 (Flyball, 7LM)
Batting: RHB Elvis Larson 0-0: Swinging Strike
0-1: Ball
1-1: Ground out 6-3 (Groundball, 6)
Batting: RHB Jeremy Christensen 0-0: Fly out, F9 (Flyball, 89D)
Bottom of the 3rd over - 0 run(s), 0 hit(s), 0 error(s), 0 left on base; Bloomington 0 - Bangor Trident Base 0
TOP OF THE 4TH
Bloomington Longnecks batting - Pitching for Bangor Trident Base Ogres : RHP Rubén Rodríguez
Batting: SHB Juan Gil 0-0: Ball
1-0: Ball
2-0: Ball
3-0: Base on Balls
Batting: RHB Lawrence Olsen 0-0: Ball
1-0: Foul Ball, location: 2F
1-1: Ball
2-1: Ball
3-1: Foul Ball, location: 2F
3-2: DOUBLE (Line Drive, 6D)
Juan Gil to third
Batting: RHB Iván Ríos 0-0: Called Strike
0-1: Ground out 5-3 (Groundball, 5L)
Batting: LHB Brad Shockley 0-0: Foul Ball, location: 2F
0-1: Ball
1-1: Ball
2-1: Fly out, F8 (Flyball, 8LM)
Runner from 3rd tags up, SCORES, throw made
Batting: RHB Randy Galloway 0-0: Ball
1-0: Swinging Strike
1-1: Swinging Strike
1-2: Strikes out swinging
Top of the 4th over - 1 run(s), 1 hit(s), 0 error(s), 1 left on base; Bloomington 1 - Bangor Trident Base 0
BOTTOM OF THE 4TH
Bangor Trident Base Ogres batting - Pitching for Bloomington Longnecks : RHP Graham Wilson
Batting: RHB Mike Lyon 0-0: Ball
1-0: Ground out U3 (Groundball, 3)
Batting: RHB Bertrand Sunter 0-0: Called Strike
0-1: Reached on error, E5 (Groundball, 56)
Batting: RHB Tom Baker 0-0: Ball
Wild Pitch!
Bertrand Sunter to second
1-0: Called Strike
1-1: Ground out 5-3 (Groundball, 5)
Batting: RHB Chae-hyeong Kim 0-0: Called Strike
0-1: Hit by Pitch
Batting: RHB Johnny Foster 0-0: Ball
1-0: Ball
2-0: Called Strike
2-1: Ball
3-1: Base on Balls
Bertrand Sunter to third
Chae-hyeong Kim to second
Batting: RHB Hubert Dodson 0-0: Ball
1-0: Foul Ball, location: 2F
1-1: Fly out, F8 (Flyball, 8LD)
Bottom of the 4th over - 0 run(s), 0 hit(s), 1 error(s), 3 left on base; Bloomington 1 - Bangor Trident Base 0
TOP OF THE 5TH
Bloomington Longnecks batting - Pitching for Bangor Trident Base Ogres : RHP Rubén Rodríguez
Batting: LHB John Doyle 0-0: Called Strike
0-1: Ball
1-1: Foul Ball, location: 2F
1-2: Fly out, F6 (Popup, 5DF)
Batting: LHB Monte Pollard 0-0: Called Strike
0-1: Fly out, F4 (Popup, 34)
Batting: RHB Darrell Terwey 0-0: Swinging Strike
0-1: Ball
1-1: Ball
2-1: Ball
3-1: Foul Ball, location: 2F
3-2: Base on Balls
Batting: RHB Michael Hicks 0-0: Called Strike
0-1: Ball
1-1: Fielders Choice at 2nd, 6-4 (Groundball, 6)
Top of the 5th over - 0 run(s), 0 hit(s), 0 error(s), 0 left on base; Bloomington 1 - Bangor Trident Base 0
BOTTOM OF THE 5TH
Bangor Trident Base Ogres batting - Pitching for Bloomington Longnecks : RHP Graham Wilson
Batting: SHB Bill Becker 0-0: Ball
1-0: Ball
2-0: Foul Ball, location: 2F
2-1: SINGLE (Line Drive, 34D)
Batting: RHB Elvis Larson 0-0: Sac Bunt - play at first, batter OUT! 1-4
Bill Becker to second
Batting: RHB Jeremy Christensen 0-0: Called Strike
0-1: SINGLE (Line Drive, 56)
Bill Becker to third
Runner from 3rd tries for Home, SAFE, no throw or cutoff
Batting: RHB Mike Lyon 0-0: Called Strike
0-1: Fly out, F9 (Flyball, 9S)
Batting: RHB Bertrand Sunter 0-0: Ball
1-0: Called Strike
1-1: Ball
2-1: Foul Ball, location: 2F
2-2: Ball
3-2: Foul Ball, location: 2F
3-2: Foul Ball, location: 2F
Balk!
Jeremy Christensen to second
3-2: Ground out 4-3 (Groundball, 4)
Bottom of the 5th over - 1 run(s), 2 hit(s), 0 error(s), 1 left on base; Bloomington 1 - Bangor Trident Base 1
TOP OF THE 6TH
Bloomington Longnecks batting - Pitching for Bangor Trident Base Ogres : RHP Rubén Rodríguez
Batting: SHB Juan Gil 0-0: Ball
1-0: Ball
2-0: Ball
3-0: Called Strike
3-1: Base on Balls
Pitching: RHP Rubén Sánchez
Batting: RHB Lawrence Olsen 0-0: Called Strike
0-1: Ball
1-1: Ball
2-1: Foul Ball, location: 2F
2-2: Ball
3-2: 2-RUN HOME RUN (Flyball, 8LXD), Distance : 437 ft
Batting: RHB Iván Ríos 0-0: Ball
1-0: SINGLE (Line Drive, 89S)
Batting: LHB Brad Shockley 0-0: Called Strike
0-1: Ball
1-1: Called Strike
1-2: Grounds into double play, 4-6-3 (Groundball, 34)
Batting: RHB Randy Galloway 0-0: Foul Ball, location: 2F
0-1: Reached on error, E6 (Groundball, 6)
Batting: LHB John Doyle 0-0: Called Strike
0-1: Called Strike
0-2: Ball
1-2: SINGLE (Line Drive, 56)
Randy Galloway to second
Batting: LHB Monte Pollard 0-0: Ball
1-0: SINGLE (Groundball, 34D)
Randy Galloway to third
John Doyle to second
Runner from 3rd tries for Home, SAFE, throw made home
Batting: RHB Darrell Terwey 0-0: Foul Ball, location: 2F
0-1: Ground out 5-3 (Groundball, 5S)
Top of the 6th over - 3 run(s), 4 hit(s), 1 error(s), 2 left on base; Bloomington 4 - Bangor Trident Base 1
BOTTOM OF THE 6TH
Bangor Trident Base Ogres batting - Pitching for Bloomington Longnecks : RHP Graham Wilson
Batting: RHB Tom Baker 0-0: Ball
1-0: Called Strike
1-1: Ball
2-1: Called Strike
2-2: Fly out, F1 (Line Drive, 15)
Batting: RHB Chae-hyeong Kim 0-0: Fly out, F8 (Flyball, 8RM)
Batting: RHB Johnny Foster 0-0: Ball
1-0: Fly out, F4 (Line Drive, 4M)
Bottom of the 6th over - 0 run(s), 0 hit(s), 0 error(s), 0 left on base; Bloomington 4 - Bangor Trident Base 1
TOP OF THE 7TH
Bloomington Longnecks batting - Pitching for Bangor Trident Base Ogres : RHP Rubén Sánchez
Batting: RHB Michael Hicks 0-0: Called Strike
0-1: Ball
1-1: Foul Ball, location: 2F
1-2: Foul Ball, location: 2F
1-2: Strikes out swinging
Batting: SHB Juan Gil 0-0: Swinging Strike
0-1: Foul Ball, location: 2F
0-2: Strikes out swinging
Batting: RHB Lawrence Olsen 0-0: Foul Ball, location: 2F
0-1: Ball
1-1: Called Strike
1-2: Ball
2-2: Strikes out swinging
Top of the 7th over - 0 run(s), 0 hit(s), 0 error(s), 0 left on base; Bloomington 4 - Bangor Trident Base 1
BOTTOM OF THE 7TH
Bangor Trident Base Ogres batting - Pitching for Bloomington Longnecks : RHP Graham Wilson
Batting: RHB Hubert Dodson 0-0: Ball
1-0: Ball
2-0: Foul Ball, location: 2F
2-1: Swinging Strike
2-2: Strikes out looking
Batting: SHB Bill Becker 0-0: Ball
1-0: Ball
2-0: Ball
3-0: Base on Balls
Batting: RHB Elvis Larson 0-0: Swinging Strike
0-1: Fly out, F3 (Popup, 3)
Batting: RHB Jeremy Christensen 0-0: Ball
1-0: Ball
2-0: SINGLE (Groundball, 4M)
Bill Becker to second
Batting: RHB Mike Lyon 0-0: Called Strike
0-1: Called Strike
0-2: Ball
1-2: Ball
Wild Pitch!
Bill Becker to third
Jeremy Christensen to second
2-2: Ball
3-2: Base on Balls
Batting: RHB Bertrand Sunter 0-0: Ball
1-0: Fly out, F9 (Line Drive, 9M)
Bottom of the 7th over - 0 run(s), 1 hit(s), 0 error(s), 3 left on base; Bloomington 4 - Bangor Trident Base 1
TOP OF THE 8TH
Bloomington Longnecks batting - Pitching for Bangor Trident Base Ogres : RHP Rubén Sánchez
Batting: RHB Iván Ríos 0-0: Called Strike
0-1: Ball
1-1: Ball
2-1: Foul Ball, location: 2F
2-2: Ball
3-2: Strikes out looking
Batting: LHB Brad Shockley 0-0: Fly out, F8 (Flyball, 8LM)
Batting: RHB Randy Galloway 0-0: Swinging Strike
0-1: Ball
1-1: Foul Ball, location: 2F
1-2: Foul Ball, location: 2F
1-2: Fly out, F8 (Flyball, 89D)
Top of the 8th over - 0 run(s), 0 hit(s), 0 error(s), 0 left on base; Bloomington 4 - Bangor Trident Base 1
BOTTOM OF THE 8TH
Bangor Trident Base Ogres batting - Pitching for Bloomington Longnecks : RHP Graham Wilson
Batting: RHB Tom Baker 0-0: Foul Ball, location: 2F
0-1: Ball
1-1: Foul Ball, location: 2F
1-2: Strikes out swinging, 2-3 out at first.
Pitching: LHP Johnny Joyce
Batting: RHB Chae-hyeong Kim 0-0: Ball
1-0: Foul Ball, location: 2F
1-1: Fly out, F7 (Line Drive, 7D)
Batting: RHB Johnny Foster 0-0: Called Strike
0-1: Foul Ball, location: 2F
0-2: Ball
1-2: Ball
2-2: Ball
3-2: Base on Balls
Pitching: RHP Mark Bourg
Batting: RHB Hubert Dodson 0-0: Ball
1-0: Ball
2-0: Ground out 1-3 (Groundball, 13S)
Bottom of the 8th over - 0 run(s), 0 hit(s), 0 error(s), 1 left on base; Bloomington 4 - Bangor Trident Base 1
TOP OF THE 9TH
Bloomington Longnecks batting - Pitching for Bangor Trident Base Ogres : RHP Rubén Sánchez
Batting: LHB John Doyle 0-0: Ball
1-0: Ball
2-0: SINGLE (Groundball, 34D)
Pitching: RHP Joel Harris
Batting: LHB Monte Pollard 0-0: Ball
1-0: Bunted foul
1-1: Bunted foul
1-2: Ball
2-2: Ball
3-2: Foul Ball, location: 2F
3-2: Foul Ball, location: 2F
3-2: Base on Balls
John Doyle to second
Batting: RHB Darrell Terwey 0-0: Bunted foul
0-1: Ball
1-1: Sac Bunt - play at first, batter OUT! 1-4
John Doyle to third
Monte Pollard to second
Batting: RHB Michael Hicks 0-0: Ball
1-0: Called Strike
1-1: Swinging Strike
1-2: Ball
2-2: Foul Ball, location: 2F
2-2: Fly out, F8 (Flyball, 78XD)
Runner from 3rd tags up, SCORES, no throw
Batting: SHB Juan Gil 0-0: Called Strike
0-1: Ball
1-1: SINGLE (Groundball, 4MD)
Monte Pollard to third
Runner from 3rd tries for Home, SAFE, throw made home
Batting: RHB Lawrence Olsen 0-0: Swinging Strike
0-1: Ball
1-1: Swinging Strike
1-2: Strikes out swinging
Top of the 9th over - 2 run(s), 2 hit(s), 0 error(s), 1 left on base; Bloomington 6 - Bangor Trident Base 1
BOTTOM OF THE 9TH
Bangor Trident Base Ogres batting - Pitching for Bloomington Longnecks : RHP Mark Bourg
Batting: SHB Bill Becker 0-0: Ball
1-0: Ball
2-0: Ball
3-0: Called Strike
3-1: Base on Balls
Batting: RHB Elvis Larson 0-0: Ball
1-0: Called Strike
1-1: Called Strike
1-2: Ball
2-2: Strikes out looking
Batting: RHB Jeremy Christensen 0-0: Fly out, F3 (Popup, 3DF)
Batting: RHB Mike Lyon 0-0: Ball
1-0: Ball
2-0: Ball
3-0: Base on Balls
Bill Becker to second
Batting: RHB Bertrand Sunter 0-0: Ball
1-0: Called Strike
1-1: Ball
2-1: Fly out, F8 (Flyball, 8RXD)
Bottom of the 9th over - 0 run(s), 0 hit(s), 0 error(s), 2 left on base; Bloomington 6 - Bangor Trident Base 1
This league is powered by Out of the Park Baseball, the baseball management simulation game for PC, Mac and Linux
Friday, April 15th, 2016 - OOTP Baseball 16.9 Build 39